 Dungeon Crawl Stone Soup version 0.21-a0-351-g38363bb (webtiles) character file.

24516 tidbits the Fighter (level 13, -11/104 HPs)
             Began as a Gnoll Wanderer on Oct 9, 2017.
             Was an Elder of Makhleb.
             Mangled by an ettin
             ... wielding a +0 dire flail
              (45 damage)
             ... on level 2 of the Orcish Mines.
             The game lasted 01:07:14 (7602 turns).

tidbits the Fighter (Gnoll Wanderer)                Turns: 7602, Time: 01:07:14

Health: -11/104    AC: 15    Str: 16    XL:     13   Next: 13%
Magic:  25/25      EV: 16    Int: 20    God:    Makhleb [****..]
Gold:   528        SH: 16    Dex: 14    Spells: 23/28 levels left

rFire    + . .     SeeInvis +   j - +2 hand axe (elec)
rCold    . . .     Gourm    .   D - +0 shield
rNeg     . . .     Faith    .   B - +0 steam dragon scales
rPois    +         Spirit   .   E - +2 helmet {Int+3}
rElec    .         Reflect  +   C - +2 cloak {rPois}
rCorr    .         Harm     .   G - +0 pair of gloves
MR       .....                  (no boots)
Stlth    ++++......             R - +5 amulet of reflection
HPRegen  0.27/turn              b - ring of protection from fire
MPRegen  0.19/turn              I - ring of see invisible

@: no status effects
A: distributed training, fangs 1, sense surroundings 1, weak 1, wild magic 1,
strong nose
a: Minor Destruction, Lesser Servant of Makhleb, Major Destruction, Renounce
Religion


You were on level 2 of the Orcish Mines.
You worshipped Makhleb.
Makhleb was greatly pleased with you.
You were hungry.

You visited 3 branches of the dungeon, and saw 16 of its levels.

You collected 1132 gold pieces.
You spent 604 gold pieces at shops.

Inventory:

Hand Weapons
 a - a +4 broad axe
 i - a +0 morningstar
 j - a +2 hand axe of electrocution (weapon)
   (You took it off an orc on level 1 of the Orcish Mines)
 J - the +7 great mace "Firestarter" {inner flame, rF++}
   (You found it on level 11 of the Dungeon)

   It has been specially enchanted to burn those struck by it, causing extra
   injury to most foes and up to half again as much damage against particularly
   susceptible opponents.
   It greatly protects you from fire.
 K - a +0 demon whip
 L - a +0 blowgun
Missiles
 e - 4 javelins of returning (quivered)
 v - 153 arrows
 T - a throwing net {!f}
 V - 7 curare-tipped needles
Armour
 t - a +3 chain mail of fire resistance
   (You took it off Terence on level 3 of the Dungeon)
 B - +0 steam dragon scales (worn)
 C - a +2 cloak of poison resistance (worn)
   (You bought it in a shop on level 11 of the Dungeon)
 D - a +0 shield (worn)
 E - a +2 helmet of intelligence (worn)
   (You bought it in a shop on level 7 of the Dungeon)
 G - a +0 pair of gloves (worn)
 U - a +1 ring mail of fire resistance
   (You took it off an orc priest on level 2 of the Orcish Mines)
Jewellery
 b - a ring of protection from fire (left hand)
   (You found it on level 1 of the Dungeon)
 h - an uncursed ring of poison resistance
   (You found it on level 1 of the Dungeon)
 q - an uncursed ring of fire
   (You found it on level 6 of the Dungeon)
 I - a ring of see invisible (right hand)
   (You found it on level 2 of the Dungeon)
 Q - an uncursed ring of protection from fire
   (You found it on level 6 of the Dungeon)
 R - a +5 amulet of reflection (around neck)
   (You found it on level 11 of the Dungeon)
Wands
 g - a wand of lightning (2/15)
 l - a wand of enslavement (1/24)
 o - a wand of random effects (17/48)
 z - a wand of flame (2/48)
 H - a wand of lightning (11/15)
 N - a wand of random effects (6/48)
 O - a wand of enslavement (9/24)
Scrolls
 c - 3 scrolls of teleportation
 f - 2 scrolls of enchant armour
 n - a scroll of blinking
 p - 3 scrolls of fog
 r - 6 scrolls of remove curse
 s - 2 scrolls of magic mapping
 F - 3 scrolls of fear
 S - a scroll of recharging
Potions
 m - a potion of heal wounds
 u - a potion of berserk rage
 x - a potion of ambrosia
 M - a potion of resistance
 W - a potion of flight {unknown}
 X - a potion of degeneration {unknown}
 Y - 3 potions of magic
 Z - 3 potions of curing
Books
 w - a book of Flames
   (You found it on level 11 of the Dungeon)

   Spells                             Type                      Level
   a - Flame Tongue                   Conjuration/Fire             1
   b - Throw Flame                    Conjuration/Fire             2
   c - Conjure Flame                  Conjuration/Fire             3
   d - Inner Flame                    Hexes/Fire                   3
   e - Sticky Flame                   Conjuration/Fire             4
   f - Fireball                       Conjuration/Fire             5
 y - a book of Fire
   (You found it on level 11 of the Dungeon)

   Spells                             Type                      Level
   a - Ignite Poison                  Fire/Transmutation/Poison    3
   b - Fireball                       Conjuration/Fire             5
   c - Bolt of Fire                   Conjuration/Fire             6
   d - Ring of Flames                 Charms/Fire                  7
   e - Ignition                       Fire                         8
 A - a book of Minor Magic
   (You found it on level 10 of the Dungeon)

   Spells                             Type                      Level
   a - Magic Dart                     Conjuration                  1
   b - Blink                          Translocation                2
   c - Call Imp                       Summoning                    2
   d - Slow                           Hexes                        2
   e - Conjure Flame                  Conjuration/Fire             3
   f - Mephitic Cloud                 Conjuration/Poison/Air       3
Comestibles
 d - 8 bread rations
 k - 5 fruits
 P - 9 meat rations


   Skills:
 + Level 10.3 Fighting
 + Level 8.0 Short Blades
 + Level 8.0 Long Blades
 + Level 8.0 Axes
 + Level 9.3 Maces & Flails
 + Level 8.0 Polearms
 + Level 8.0 Staves
 + Level 8.0 Slings
 + Level 8.0 Bows
 + Level 8.0 Crossbows
 + Level 8.0 Throwing
 + Level 8.5 Armour
 + Level 8.5 Dodging
 + Level 8.4 Stealth
 + Level 8.5 Shields
 + Level 8.5 Unarmed Combat
 + Level 8.0 Spellcasting
 + Level 8.0 Conjurations
 + Level 8.0 Hexes
 + Level 8.0 Charms
 + Level 8.0 Summonings
 + Level 8.0 Necromancy
 + Level 8.0 Translocations
 + Level 8.0 Transmutations
 + Level 8.0 Fire Magic
 + Level 8.0 Ice Magic
 + Level 8.0 Air Magic
 + Level 8.0 Earth Magic
 + Level 8.0 Poison Magic
 + Level 8.0 Invocations
 + Level 8.0 Evocations


You had 23 spell levels left.
You knew the following spells:

 Your Spells              Type           Power        Failure   Level  Hunger
b - Blink                 Tloc           N/A          2%          2    None
m - Mephitic Cloud        Conj/Pois/Air  ######..     3%          3    None


Dungeon Overview and Level Annotations

Branches:
Dungeon (13/15)            Temple (1/1) D:4            Lair (0/6) D:11
    Orc (2/2) D:12            Elf (0/3) Orc:2
 Vaults: D:13-14

Altars:
Cheibriados
Dithmenos
Elyvilon
Fedhas
Gozag
Hepliaklqana
Makhleb
Nemelex Xobeh
Qazlal
Sif Muna
Trog
Vehumet
Wu Jian
Xom
Yredelemnul
Zin
The Shining One
Beogh

Shops:
D:7 [   D:9 =   D:11 [   Orc:2 *[*=(?%%

Annotations:
D:4 2 transporters
D:7 sergedm's ghost, novice DECj


Innate Abilities, Weirdness & Mutations

Your experience applies equally to all skills.
You have very sharp teeth.
Your uncanny sense of smell can sniff out nearby items.
You passively map a small area around you.
You are weak. (Str -2)
Your spells are a little harder to cast, but a little more powerful.


Message History

a mace; a chain mail; an orc corpse You swap places.
Your ynoxinul disappears in a puff of smoke!
Your ufetubus disappears in a puff of smoke! x7
There is an entrance to Ahuu's Antique Weapon Emporium here.
There is an entrance to Taen's Antique Armour Emporium here.
You can access your shopping list by pressing '$'.
Search for what [Enter for "regen", or ? for help]? boots Can't find anything matching that.
Unknown command.
Things that are here:
a whip; a scale mail; an orc skeleton
Found Todillow's General Store.
Things that are here:
a dagger of venom; a robe; an orc corpse
Things that are here:
a scimitar; an orc corpse
Things that are here:
a mace; a chain mail; an orc corpse
There is an entrance to Poyhehos's Jewellery Emporium here.
You can access your shopping list by pressing '$'.
Unknown command.
Things that are here:
a dagger of venom; a robe
Things that are here:
a mace; a plate armour; an orc skeleton
Items here: ) [[ ÷ a ring mail; a club; a ring mail; an orc skeleton
Things that are here:
a mace; a chain mail; an orc skeleton You now have enough gold to buy the ring of Ezien {rCorr MR+ Int+5} on D:9.
You can access your shopping list by pressing '$'.
You now have 528 gold pieces (gained 27).
You see here an orc skeleton.
Things that are here:
a trident; an orc skeleton
Items here: )) [[ an enchanted great sword; a plate armour; a dire flail; a chain mail
Things that are here:
a dire flail; a plate armour; an orc skeleton
Items here: )) [[ an enchanted great sword; a plate armour; a dire flail; a chain mail
Things that are here:
a halberd; a chain mail
There is an entrance to Todillow's General Store here.
You can access your shopping list by pressing '$'.
Char dumped successfully.
Saving game... please wait.
Welcome back, tidbits the Gnoll Wanderer.
Blood and souls for Makhleb!
Press ? for a list of commands and other information.
Search for what [? for help]? .
Found Buor's General Store.
You enter the shallow water.
Moving in this stuff is going to be slow.
An ettin comes into view. It is wielding two dire flails.
The ettin shouts in stereo!
There is an entrance to Buor's General Store here.
You can access your shopping list by pressing '$'.
You can access your shopping list by pressing '$'.
You enter the shallow water.
Moving in this stuff is going to be slow.
Evoke which item? (* to show all) (? for menu, Esc to quit)
Okay, then.
A demon appears!
You can no longer summon a greater servant of Makhleb.
You enter the shallow water.
Moving in this stuff is going to be slow.
Your orange demon stings the ettin from afar!
The ettin hits you with a dire flail!! You block the ettin's attack.
Your orange demon stings the ettin but does no damage.
There is an entrance to Buor's General Store here.
You hit the ettin but do no damage. Lightning courses through the ettin!
The ettin is moderately wounded.
You are feeling hungry.
You block the ettin's attack. x2
You completely miss the ettin.
The ettin is moderately wounded.
The ettin hits you with a dire flail! The ettin hits you with a dire flail.
You hit the ettin but do no damage. Lightning courses through the ettin!
The ettin is moderately wounded.
You block the ettin's attack. The ettin misses you.
You hit the ettin.
The ettin is heavily wounded.
You hit the ettin.
The ettin is heavily wounded.
You block the ettin's attack. The ettin hits you but does no damage.
You hit the ettin.
The ettin is heavily wounded.
You block the ettin's attack. The ettin hits you with a dire flail!!
* * * LOW HITPOINT WARNING * * *
You hit the ettin. You bite the ettin, but do no damage.
The ettin is heavily wounded.
The ettin hits you with a dire flail.
* * * LOW HITPOINT WARNING * * *
You block the ettin's attack.
You hit the ettin but do no damage. Lightning courses through the ettin!
The ettin is severely wounded.
The ettin completely misses you. The ettin hits you with a dire flail!!!
You die...

##....#.##### #
###.....# * ##..#.##
##......# * *
##....#..# ,
##........## ...
#.......≈≈≈## * , ,
... #......≈≈≈≈≈###
....
#........C@≈≈..##
.....
#.......≈≈≈≈≈.....
..... *
##.......≈≈≈......
,.....
.......#.#4....... ,
.....
.......#.#.........,
#...
.....####..........
##. ...C#
#..........#* #. ,
.... #...........###
#. . ,
...........#.###.


You could see an ettin and a friendly orange demon.

Vanquished Creatures
  An orc warlord (Orc:2)
  Erolcha (Orc:1)
  2 two-headed ogres
  A tengu warrior (D:12)
  A death yak (D:11)
  Urug (Orc:2)
  An orc high priest (Orc:2)
  An unseen horror (D:11)
  An orc knight (Orc:2)
  An orc sorcerer (Orc:2)
  An ugly thing (D:11)
  A deep elf mage (D:12)
  A cyclops (D:12)
  A kobold demonologist (D:11)
  A merfolk (D:11)
  5 trolls
  3 slime creatures (D:12)
  3 hippogriffs
  A shadow (D:11)
  8 yaks
  A fire bat (D:11)
  A steam dragon (D:7)
  3 wargs
  An acid dragon (D:8)
  5 two-headed ogre zombies (D:12)
  A water moccasin (D:12)
  3 sky beasts
  20 orc warriors
  4 ice beasts
  3 black bears
  6 ogres
  2 phantoms
  8 centaurs
  2 crocodiles
  3 big kobolds
  5 bullfrogs
  A wyvern zombie (D:12)
  A water moccasin skeleton (D:7)
  3 scorpions
  2 jellies
  4 howler monkeys
  6 crimson imps
  8 hounds
  A quasit (D:8)
  15 orc priests
  23 orc wizards
  A centaur skeleton (D:6)
  6 iguanas
  Terence (D:3)
  A hell rat (D:11)
  8 worker ants
  A hound zombie (D:10)
  4 gnolls
  7 adders
  A howler monkey skeleton (D:9)
  A river rat (D:11)
  An adder skeleton (D:5)
  2 worms
  10 dart slugs
  6 leopard geckos
  51 orcs
  4 bats
  2 giant cockroaches
  8 goblins
  5 hobgoblins
  7 jackals
  19 kobolds
  8 quokkas
  A ball python (D:3)
  5 frilled lizards
  2 quokka skeletons
  A quokka zombie (D:8)
  9 rats
340 creatures vanquished.

Vanquished Creatures (collateral kills)
  An ettin (Orc:2)
  A two-headed ogre (D:9)
  Nergalle (Orc:2)
  An orc knight (Orc:2)
  An ugly thing (D:12)
  A yak (D:10)
  4 fire bats (D:11)
  A two-headed ogre zombie (D:12)
  6 orc warriors (Orc:2)
  2 eyes of draining
  A crocodile (D:11)
  Blork the orc (Orc:2)
  A scorpion (D:9)
  2 killer bees (D:11)
  A howler monkey (D:10)
  A centaur skeleton (D:9)
  A hound (D:11)
  3 orc wizards
  3 orc priests (Orc:2)
  A howler monkey skeleton (D:9)
  9 orcs
  3 kobolds (D:9)
46 creatures vanquished.

Vanquished Creatures (others)
  An ogre (Orc:2)
  2 killer bees (D:11)
  A hound (D:7)
  An orc wizard (Orc:2)
  An adder (D:7)
  A kobold (D:9)
7 creatures vanquished.

Grand Total: 393 creatures vanquished

Notes
Turn   | Place    | Note
-------+----------+-------------------------------------------
     0 | D:1      | tidbits the Gnoll Wanderer began the quest for the Orb.
     0 | D:1      | tidbits set off with: a +2 mace, a +0 ring mail, a scroll of teleportation, a bread ration
     0 | D:1      | Reached XP level 1. HP: 23/23 MP: 1/1
    69 | D:1      | Reached XP level 2. HP: 22/29 MP: 2/2
   310 | D:2      | Reached XP level 3. HP: 26/35 MP: 3/3
   476 | D:2      | Reached skill level 1 in Short Blades
   476 | D:2      | Reached skill level 1 in Long Blades
   476 | D:2      | Reached skill level 1 in Axes
   476 | D:2      | Reached skill level 1 in Polearms
   476 | D:2      | Reached skill level 1 in Staves
   476 | D:2      | Reached skill level 1 in Slings
   476 | D:2      | Reached skill level 1 in Bows
   476 | D:2      | Reached skill level 1 in Crossbows
   476 | D:2      | Reached skill level 1 in Throwing
   476 | D:2      | Reached skill level 1 in Spellcasting
   476 | D:2      | Reached skill level 1 in Conjurations
   476 | D:2      | Reached skill level 1 in Hexes
   476 | D:2      | Reached skill level 1 in Charms
   476 | D:2      | Reached skill level 1 in Summonings
   476 | D:2      | Reached skill level 1 in Necromancy
   476 | D:2      | Reached skill level 1 in Translocations
   476 | D:2      | Reached skill level 1 in Transmutations
   476 | D:2      | Reached skill level 1 in Fire Magic
   476 | D:2      | Reached skill level 1 in Ice Magic
   476 | D:2      | Reached skill level 1 in Air Magic
   476 | D:2      | Reached skill level 1 in Earth Magic
   476 | D:2      | Reached skill level 1 in Poison Magic
   476 | D:2      | Reached skill level 1 in Invocations
   476 | D:2      | Reached skill level 1 in Evocations
   523 | D:1      | Reached XP level 4. HP: 8/41 MP: 5/5
   820 | D:3      | Noticed Terence
   851 | D:3      | Killed Terence
   851 | D:3      | Reached XP level 5. HP: 47/47 MP: 6/6
  1105 | D:4      | Found a radiant altar of Vehumet.
  1143 | D:3      | Found a glowing golden altar of the Shining One.
  1171 | D:4      | Reached skill level 3 in Armour
  1171 | D:4      | Reached skill level 3 in Dodging
  1171 | D:4      | Reached skill level 3 in Shields
  1171 | D:4      | Reached skill level 3 in Unarmed Combat
  1203 | D:4      | Found a transporter.
  1206 | D:4      | Found a transporter.
  1212 | D:5      | Entered Level 5 of the Dungeon
  1243 | D:5      | Reached XP level 6. HP: 31/53 MP: 8/8
  1310 | D:5      | Reached skill level 3 in Stealth
  1463 | D:4      | Reached skill level 2 in Short Blades
  1463 | D:4      | Reached skill level 2 in Long Blades
  1463 | D:4      | Reached skill level 2 in Axes
  1463 | D:4      | Reached skill level 5 in Maces & Flails
  1463 | D:4      | Reached skill level 2 in Polearms
  1463 | D:4      | Reached skill level 2 in Staves
  1463 | D:4      | Reached skill level 2 in Slings
  1463 | D:4      | Reached skill level 2 in Bows
  1463 | D:4      | Reached skill level 2 in Crossbows
  1463 | D:4      | Reached skill level 2 in Throwing
  1463 | D:4      | Reached skill level 2 in Spellcasting
  1463 | D:4      | Reached skill level 2 in Conjurations
  1463 | D:4      | Reached skill level 2 in Hexes
  1463 | D:4      | Reached skill level 2 in Charms
  1463 | D:4      | Reached skill level 2 in Summonings
  1463 | D:4      | Reached skill level 2 in Necromancy
  1463 | D:4      | Reached skill level 2 in Translocations
  1463 | D:4      | Reached skill level 2 in Transmutations
  1463 | D:4      | Reached skill level 2 in Fire Magic
  1463 | D:4      | Reached skill level 2 in Ice Magic
  1463 | D:4      | Reached skill level 2 in Air Magic
  1463 | D:4      | Reached skill level 2 in Earth Magic
  1463 | D:4      | Reached skill level 2 in Poison Magic
  1463 | D:4      | Reached skill level 2 in Invocations
  1463 | D:4      | Reached skill level 2 in Evocations
  1497 | D:4      | Found a stormy altar of Qazlal.
  1622 | D:4      | Found a staircase to the Ecumenical Temple.
  1630 | Temple   | Entered the Ecumenical Temple
  1658 | Temple   | Became a worshipper of Makhleb the Destroyer
  1722 | D:4      | Reached XP level 7. HP: 38/59 MP: 10/10
  1832 | D:5      | Reached skill level 7 in Fighting
  1837 | D:6      | Found a shadowy altar of Dithmenos.
  2043 | D:6      | Reached skill level 8 in Fighting
  2043 | D:6      | Reached skill level 5 in Short Blades
  2043 | D:6      | Reached skill level 5 in Long Blades
  2043 | D:6      | Reached skill level 5 in Axes
  2043 | D:6      | Reached skill level 7 in Maces & Flails
  2043 | D:6      | Reached skill level 5 in Polearms
  2043 | D:6      | Reached skill level 5 in Staves
  2043 | D:6      | Reached skill level 5 in Slings
  2043 | D:6      | Reached skill level 5 in Bows
  2043 | D:6      | Reached skill level 5 in Crossbows
  2043 | D:6      | Reached skill level 5 in Throwing
  2043 | D:6      | Reached skill level 5 in Armour
  2043 | D:6      | Reached skill level 5 in Dodging
  2043 | D:6      | Reached skill level 5 in Stealth
  2043 | D:6      | Reached skill level 5 in Shields
  2043 | D:6      | Reached skill level 5 in Unarmed Combat
  2043 | D:6      | Reached skill level 5 in Spellcasting
  2043 | D:6      | Reached skill level 5 in Conjurations
  2043 | D:6      | Reached skill level 5 in Hexes
  2043 | D:6      | Reached skill level 5 in Charms
  2043 | D:6      | Reached skill level 5 in Summonings
  2043 | D:6      | Reached skill level 5 in Necromancy
  2043 | D:6      | Reached skill level 5 in Translocations
  2043 | D:6      | Reached skill level 5 in Transmutations
  2043 | D:6      | Reached skill level 5 in Fire Magic
  2043 | D:6      | Reached skill level 5 in Ice Magic
  2043 | D:6      | Reached skill level 5 in Air Magic
  2043 | D:6      | Reached skill level 5 in Earth Magic
  2043 | D:6      | Reached skill level 5 in Poison Magic
  2043 | D:6      | Reached skill level 5 in Invocations
  2043 | D:6      | Reached skill level 5 in Evocations
  2043 | D:6      | Reached XP level 8. HP: 29/69 MP: 11/15
  2109 | D:6      | Reached XP level 9. HP: 44/75 MP: 16/16
  2197 | D:7      | Reached * piety under Makhleb
  2321 | D:8      | Reached skill level 6 in Armour
  2321 | D:8      | Reached skill level 6 in Dodging
  2321 | D:8      | Reached skill level 6 in Shields
  2321 | D:8      | Reached skill level 6 in Unarmed Combat
  2349 | D:8      | Noticed a two-headed ogre
  2367 | D:8      | Killed a two-headed ogre
  2367 | D:8      | Reached skill level 6 in Stealth
  2469 | D:7      | Found Weufreta's Armour Emporium.
  2493 | D:7      | Bought a +0 shield for 54 gold pieces
  2574 | D:7      | Reached XP level 10. HP: 19/82 MP: 18/18
  2896 | D:7      | Noticed sergedm's ghost (novice DECj)
  3273 | D:8      | Noticed a two-headed ogre
  3291 | D:7      | Reached ** piety under Makhleb
  3486 | D:8      | HP: 5/82 [orc wizard/magic dart (10)]
  3670 | D:8      | Reached skill level 9 in Fighting
  3833 | D:9      | Reached skill level 6 in Short Blades
  3833 | D:9      | Reached skill level 6 in Long Blades
  3833 | D:9      | Reached skill level 6 in Axes
  3833 | D:9      | Reached skill level 6 in Polearms
  3833 | D:9      | Reached skill level 6 in Staves
  3833 | D:9      | Reached skill level 6 in Slings
  3833 | D:9      | Reached skill level 6 in Bows
  3833 | D:9      | Reached skill level 6 in Crossbows
  3833 | D:9      | Reached skill level 6 in Throwing
  3833 | D:9      | Reached skill level 6 in Spellcasting
  3833 | D:9      | Reached skill level 6 in Conjurations
  3833 | D:9      | Reached skill level 6 in Hexes
  3833 | D:9      | Reached skill level 6 in Charms
  3833 | D:9      | Reached skill level 6 in Summonings
  3833 | D:9      | Reached skill level 6 in Necromancy
  3833 | D:9      | Reached skill level 6 in Translocations
  3833 | D:9      | Reached skill level 6 in Transmutations
  3833 | D:9      | Reached skill level 6 in Fire Magic
  3833 | D:9      | Reached skill level 6 in Ice Magic
  3833 | D:9      | Reached skill level 6 in Air Magic
  3833 | D:9      | Reached skill level 6 in Earth Magic
  3833 | D:9      | Reached skill level 6 in Poison Magic
  3833 | D:9      | Reached skill level 6 in Invocations
  3833 | D:9      | Reached skill level 6 in Evocations
  3844 | D:10     | Entered Level 10 of the Dungeon
  3884 | D:10     | Learned a level 2 spell: Blink
  4057 | D:9      | Found an opulent altar of Gozag.
  4129 | D:9      | Reached *** piety under Makhleb
  4178 | D:9      | Noticed a two-headed ogre
  4190 | D:9      | Killed a two-headed ogre
  4190 | D:9      | Reached XP level 11. HP: 56/89 MP: 20/20
  4217 | D:9      | Found a hazy altar of Hepliaklqana.
  4217 | D:9      | Found a snail-covered altar of Cheibriados.
  4631 | D:10     | Reached skill level 8 in Maces & Flails
  4631 | D:10     | Reached skill level 7 in Armour
  4631 | D:10     | Reached skill level 7 in Dodging
  4631 | D:10     | Reached skill level 7 in Shields
  4631 | D:10     | Reached skill level 7 in Unarmed Combat
  4810 | D:11     | Noticed a green ugly thing
  4819 | D:11     | Killed a green ugly thing
  4819 | D:11     | Reached skill level 7 in Stealth
  4839 | D:11     | Noticed a fire dragon
  4840 | D:11     | Found the +7 great mace "Firestarter" {inner flame, rF++}
  4877 | D:11     | Reached **** piety under Makhleb
  5347 | D:12     | Noticed a purple ugly thing
  5363 | D:12     | Killed a purple ugly thing
  5380 | D:12     | Gained mutation: Your spells are a little harder to cast, but a little more powerful. [mutagenic meat]
  5381 | D:12     | Gained mutation: You passively map a small area around you. [mutagenic meat]
  5382 | D:12     | Gained mutation: You are weak. (Str -2) [mutagenic meat]
  5393 | D:12     | Noticed a tengu warrior
  5455 | D:11     | Found a staircase to the Lair.
  5463 | D:11     | Noticed a cyclops
  5475 | D:11     | Found Piereo's Armour Boutique.
  5493 | D:11     | Noticed a death yak
  5493 | D:11     | Noticed a death yak
  5493 | D:11     | Noticed a death yak
  5583 | D:11     | Noticed an unseen horror
  5590 | D:11     | Killed an unseen horror
  5590 | D:11     | Reached skill level 7 in Short Blades
  5590 | D:11     | Reached skill level 7 in Long Blades
  5590 | D:11     | Reached skill level 7 in Axes
  5590 | D:11     | Reached skill level 7 in Polearms
  5590 | D:11     | Reached skill level 7 in Staves
  5590 | D:11     | Reached skill level 7 in Slings
  5590 | D:11     | Reached skill level 7 in Bows
  5590 | D:11     | Reached skill level 7 in Crossbows
  5590 | D:11     | Reached skill level 7 in Throwing
  5590 | D:11     | Reached skill level 7 in Spellcasting
  5590 | D:11     | Reached skill level 7 in Conjurations
  5590 | D:11     | Reached skill level 7 in Hexes
  5590 | D:11     | Reached skill level 7 in Charms
  5590 | D:11     | Reached skill level 7 in Summonings
  5590 | D:11     | Reached skill level 7 in Necromancy
  5590 | D:11     | Reached skill level 7 in Translocations
  5590 | D:11     | Reached skill level 7 in Transmutations
  5590 | D:11     | Reached skill level 7 in Fire Magic
  5590 | D:11     | Reached skill level 7 in Ice Magic
  5590 | D:11     | Reached skill level 7 in Air Magic
  5590 | D:11     | Reached skill level 7 in Earth Magic
  5590 | D:11     | Reached skill level 7 in Poison Magic
  5590 | D:11     | Reached skill level 7 in Invocations
  5590 | D:11     | Reached skill level 7 in Evocations
  5689 | D:11     | Bought a +1 cloak of poison resistance for 148 gold pieces
  5717 | D:11     | Killed a death yak
  5717 | D:11     | Reached XP level 12. HP: 90/97 MP: 22/22
  5846 | D:7      | Bought a +2 helmet of intelligence for 258 gold pieces
  5952 | D:9      | Found Dygaw's Jewellery Emporium.
  6118 | D:10     | Learned a level 3 spell: Mephitic Cloud
  6155 | D:12     | Killed a tengu warrior
  6357 | D:12     | Noticed a two-headed ogre
  6381 | D:12     | Killed a two-headed ogre
  6460 | D:12     | Found a staircase to the Orcish Mines.
  6634 | Orc:1    | Entered Level 1 of the Orcish Mines
  6651 | Orc:1    | Noticed Erolcha
  6657 | Orc:1    | Reached skill level 10 in Fighting
  6657 | Orc:1    | Reached skill level 8 in Armour
  6657 | Orc:1    | Reached skill level 8 in Dodging
  6657 | Orc:1    | Reached skill level 8 in Shields
  6657 | Orc:1    | Reached skill level 8 in Unarmed Combat
  6671 | Orc:1    | Killed Erolcha
  6680 | Orc:1    | Reached skill level 8 in Stealth
  6686 | Orc:1    | Found a roughly hewn altar of Beogh.
  6818 | Orc:1    | Reached skill level 9 in Maces & Flails
  6886 | Orc:2    | Entered Level 2 of the Orcish Mines
  6886 | Orc:2    | Found a staircase to the Elven Halls.
  6901 | Orc:2    | Found Fazxolisi's Magic Scroll Boutique.
  6917 | Orc:2    | Bought a scroll of identify for 32 gold pieces
  6922 | Orc:2    | Bought a scroll of fog for 32 gold pieces
  6922 | Orc:2    | Bought a scroll of teleportation for 48 gold pieces
  6922 | Orc:2    | Bought a scroll of fog for 32 gold pieces
  6972 | Orc:2    | Found Diudek's Food Shoppe.
  6984 | Orc:2    | Found Plog's Food Shoppe.
  7014 | Orc:2    | Noticed an ettin
  7042 | Orc:2    | Killed an ettin
  7104 | Orc:2    | Reached ***** piety under Makhleb
  7119 | Orc:2    | Noticed Nergalle
  7123 | Orc:2    | Noticed an orc high priest
  7174 | Orc:2    | Killed Nergalle
  7201 | Orc:2    | Noticed Blork the orc
  7206 | Orc:2    | Killed Blork the orc
  7209 | Orc:2    | Noticed Urug
  7223 | Orc:2    | Noticed an orc warlord
  7241 | Orc:2    | Killed an orc warlord
  7253 | Orc:2    | Killed Urug
  7253 | Orc:2    | Reached XP level 13. HP: 71/103 MP: 18/24
  7275 | Orc:2    | Reached skill level 8 in Short Blades
  7275 | Orc:2    | Reached skill level 8 in Long Blades
  7275 | Orc:2    | Reached skill level 8 in Axes
  7275 | Orc:2    | Reached skill level 8 in Polearms
  7275 | Orc:2    | Reached skill level 8 in Staves
  7275 | Orc:2    | Reached skill level 8 in Slings
  7275 | Orc:2    | Reached skill level 8 in Bows
  7275 | Orc:2    | Reached skill level 8 in Crossbows
  7275 | Orc:2    | Reached skill level 8 in Throwing
  7275 | Orc:2    | Reached skill level 8 in Spellcasting
  7275 | Orc:2    | Reached skill level 8 in Conjurations
  7275 | Orc:2    | Reached skill level 8 in Hexes
  7275 | Orc:2    | Reached skill level 8 in Charms
  7275 | Orc:2    | Reached skill level 8 in Summonings
  7275 | Orc:2    | Reached skill level 8 in Necromancy
  7275 | Orc:2    | Reached skill level 8 in Translocations
  7275 | Orc:2    | Reached skill level 8 in Transmutations
  7275 | Orc:2    | Reached skill level 8 in Fire Magic
  7275 | Orc:2    | Reached skill level 8 in Ice Magic
  7275 | Orc:2    | Reached skill level 8 in Air Magic
  7275 | Orc:2    | Reached skill level 8 in Earth Magic
  7275 | Orc:2    | Reached skill level 8 in Poison Magic
  7275 | Orc:2    | Reached skill level 8 in Invocations
  7275 | Orc:2    | Reached skill level 8 in Evocations
  7281 | Orc:2    | Found a roughly hewn altar of Beogh.
  7441 | Orc:2    | Found Taen's Antique Armour Emporium.
  7450 | Orc:2    | Found Ahuu's Antique Weapon Emporium.
  7455 | Orc:2    | Found Poyhehos's Jewellery Emporium.
  7495 | Orc:2    | Found Todillow's General Store.
  7581 | Orc:2    | Found Buor's General Store.
  7588 | Orc:2    | Noticed an ettin
  7602 | Orc:2    | Mangled by an ettin

Vault maps used:
D:1:      ncdulo_watergridlock, serial_glass, glass_columns_b, glass_columns_a
D:2:      first_bread, minmay_misc_feat_cross
D:3:      kennysheep_slugbush, overflow_temple_1_default, minmay_liquid_box,
          minmay_ogre_servants, uniq_terence
D:4:      kennysheep_mini, gammafunk_temple_overflow_arena,
          minmay_temple_entry_large_hall
D:6:      serial_shops, shop, grunt_ministairs_4, minmay_misc_feat_diagonals,
          grunt_dithmenos_smoke_and_mirrors
D:7:      serial_shops, shop_statue
D:9:      grunt_gozag_statues, gammafunk_temple_overflow_pools, serial_shops,
          shop_statue
D:11:     minmay_firetagon, dpeg_lair_monsters, serial_shops,
          nicolae_shop_trees, hangedman_fish_farm
D:12:     lemuel_ogre_cave, orc_0_dummy, kennysheep_generic_room_15
D:13:     lightli_vaults_fourway_checkpoint, serial_shops, shop
Temple:   nicolae_temple_elliptical
Orc:1:    basic_altar, uniq_erolcha
Orc:2:    grunt_orc_cross, serial_shops, nicolae_shop_behind_doors,
          nicolae_shop_waterfront, nicolae_shop_crystal, shop

Skill      XL: |  1  2  3  4  5  6  7  8  9 10 11 12 13 |
---------------+----------------------------------------+-----
Short Blades   | 1 2 5 6 7 8 |  8.0
Long Blades    | 1 2 5 6 7 8 |  8.0
Axes           | 1 2 5 6 7 8 |  8.0
Polearms       | 1 2 5 6 7 8 |  8.0
Staves         | 1 2 5 6 7 8 |  8.0
Slings         | 1 2 5 6 7 8 |  8.0
Bows           | 1 2 5 6 7 8 |  8.0
Crossbows      | 1 2 5 6 7 8 |  8.0
Throwing       | 1 2 5 6 7 8 |  8.0
Spellcasting   | 1 2 5 6 7 8 |  8.0
Conjurations   | 1 2 5 6 7 8 |  8.0
Hexes          | 1 2 5 6 7 8 |  8.0
Charms         | 1 2 5 6 7 8 |  8.0
Summonings     | 1 2 5 6 7 8 |  8.0
Necromancy     | 1 2 5 6 7 8 |  8.0
Translocations | 1 2 5 6 7 8 |  8.0
Transmutations | 1 2 5 6 7 8 |  8.0
Fire Magic     | 1 2 5 6 7 8 |  8.0
Ice Magic      | 1 2 5 6 7 8 |  8.0
Air Magic      | 1 2 5 6 7 8 |  8.0
Earth Magic    | 1 2 5 6 7 8 |  8.0
Poison Magic   | 1 2 5 6 7 8 |  8.0
Invocations    | 1 2 5 6 7 8 |  8.0
Evocations     | 1 2 5 6 7 8 |  8.0
Armour         | 3 5 6 7 8 |  8.5
Dodging        | 3 5 6 7 8 |  8.5
Shields        | 3 5 6 7 8 |  8.5
Unarmed Combat | 3 5 6 7 8 |  8.5
Stealth        | 3 5 6 7 8 |  8.4
Maces & Flails | 5 7 8 9 |  9.3
Fighting       | 8 9 10 | 10.3

Action                   |  1- 3 |  4- 6 |  7- 9 | 10-12 | 13-15 || total
-------------------------+-------+-------+-------+-------+-------++-------
Melee: Mace              |    86 |       |       |       |       ||    86
       Bite              |     4 |    21 |    30 |   100 |     5 ||   160
       Punch             |     1 |     2 |     3 |       |       ||     6
       Short sword       |       |   231 |   216 |    76 |       ||   523
       Broad axe         |       |       |       |   643 |       ||   643
       Hand axe          |       |       |       |   112 |    52 ||   164
Throw: Throwing net      |       |       |     1 |       |       ||     1
       Javelin           |       |       |       |       |     4 ||     4
 Cast: Mephitic Cloud    |       |       |       |    14 |     5 ||    19
Invok: Lesser Servant of |       |       |       |     8 |     2 ||    10
Evoke: Wand              |       |       |     6 |    75 |     1 ||    82
  Use: Potion            |       |     3 |     2 |     4 |       ||     9
       Scroll            |       |     1 |     4 |    26 |       ||    31
 Stab: Sleeping          |       |     1 |     4 |     3 |       ||     8
       Held in net/web   |       |       |     1 |       |       ||     1
       Distracted        |       |       |       |     4 |     1 ||     5
       Betrayed ally     |       |       |       |     1 |       ||     1
       Confused          |       |       |       |     5 |     5 ||    10
  Eat: Chunk             |       |     2 |       |    11 |     1 ||    14
       Meat ration       |       |     1 |       |       |       ||     1
       Royal jelly       |       |       |       |     2 |       ||     2
       Fruit             |       |       |       |     8 |       ||     8
Armor: Ring mail         |    38 |    52 |    33 |       |       ||   123
       Chain mail        |       |       |    17 |   308 |       ||   325
       Steam dragon scal |       |       |       |    46 |     5 ||    51
Dodge: Dodged            |    56 |    95 |    65 |   268 |    10 ||   494
Block: Other             |     2 |    23 |    22 |       |       ||    47
       Reflection        |       |     2 |       |    17 |       ||    19
       Shield            |       |       |       |   695 |    26 ||   721

Table legend:
 A = Spawn XP
 B = Non-spawn XP
 C = Spawn XP percentage of total XP
 D = Spawn monster count
 E = Non-spawn monster count
 F = Spawn count percentage of total count
 G = Total turns spent on level
                    A         B        C        D         E        F      G
               +---------+---------+-------+---------+---------+-------+---------
         Total |       0 |   33919 |   0.0 |       0 |     388 |   0.0 |  7602
               +---------+---------+-------+---------+---------+-------+---------
           D:1 |       0 |      44 |   0.0 |       0 |      20 |   0.0 |   374
           D:2 |       0 |      84 |   0.0 |       0 |      15 |   0.0 |   435
           D:3 |       0 |      90 |   0.0 |       0 |      21 |   0.0 |   243
           D:4 |       0 |     287 |   0.0 |       0 |      16 |   0.0 |   448
           D:5 |       0 |     230 |   0.0 |       0 |      13 |   0.0 |   340
           D:6 |       0 |    1052 |   0.0 |       0 |      19 |   0.0 |   645
           D:7 |       0 |    1637 |   0.0 |       0 |      19 |   0.0 |   561
           D:8 |       0 |    2552 |   0.0 |       0 |      35 |   0.0 |   866
           D:9 |       0 |    3072 |   0.0 |       0 |      43 |   0.0 |   615
          D:10 |       0 |    1627 |   0.0 |       0 |      22 |   0.0 |   492
          D:11 |       0 |    4728 |   0.0 |       0 |      38 |   0.0 |   827
          D:12 |       0 |    7674 |   0.0 |       0 |      39 |   0.0 |   725
         Orc:1 |       0 |    2486 |   0.0 |       0 |      21 |   0.0 |   252
         Orc:2 |       0 |    8356 |   0.0 |       0 |      67 |   0.0 |   716
               +---------+---------+-------+---------+---------+-------+---------

Table legend:
 A = Turns spent in this place as a percentage of turns spent in the entire game.
 B = Non-inter-level travel turns spent in this place as a percentage of non-inter-level travel turns spent in the entire game.
 C = Inter-level travel turns spent in this place as a percentage of turns spent in this place.
 D = Turns resting spent in this place as a percentage of non-inter-level travel turns spent in this place.
 E = Turns spent auto-exploring this place as a percentage of non-inter-level travel turns spent in this place.
 F = Non-inter-level travel turns spent in this place divided by the number of levels of this place that you've seen.
                   A       B       C       D       E      F
               +-------+-------+-------+-------+-------+----------------------
         Total | 100.0 | 100.0 |   2.8 |   0.1 |   0.0 | 461.9
       Dungeon |  86.7 |  86.6 |   2.8 |   0.1 |   0.0 | 492.6
        Temple |   0.6 |   0.4 |  33.3 |   0.0 |   0.0 |  30.0
  Orcish Mines |  12.7 |  12.9 |   1.1 |   0.0 |   0.0 | 478.5
               +-------+-------+-------+-------+-------+----------------------

Table legend:
 A = Kills in this place as a percentage of kills in entire the game.
 B = Kills by you in this place as a percentage of kills by you in the entire game.
 C = Kills by friends in this place as a percentage of kills by friends in the entire game.
 D = Other kills in this place as a percentage of other kills in the entire game.
 E = Experience gained in this place as a percentage of experience gained in the entire game.
 F = Experience gained in this place divided by the number of levels of this place that you have seen.
                   A       B       C       D       E      F
               +-------+-------+-------+-------+-------+----------------------
         Total | 100.0 | 100.0 | 100.0 | 100.0 | 100.0 | 2119.9
       Dungeon |  77.3 |  79.6 |  58.7 | 100.0 |  68.0 | 1775.2
  Orcish Mines |  22.7 |  20.4 |  41.3 |   0.0 |  32.0 | 5421.0
               +-------+-------+-------+-------+-------+----------------------

Vault maps used:
D:1:      ncdulo_watergridlock, serial_glass, glass_columns_b, glass_columns_a
D:2:      first_bread, minmay_misc_feat_cross
D:3:      kennysheep_slugbush, overflow_temple_1_default, minmay_liquid_box,
          minmay_ogre_servants, uniq_terence
D:4:      kennysheep_mini, gammafunk_temple_overflow_arena,
          minmay_temple_entry_large_hall
D:6:      serial_shops, shop, grunt_ministairs_4, minmay_misc_feat_diagonals,
          grunt_dithmenos_smoke_and_mirrors
D:7:      serial_shops, shop_statue
D:9:      grunt_gozag_statues, gammafunk_temple_overflow_pools, serial_shops,
          shop_statue
D:11:     minmay_firetagon, dpeg_lair_monsters, serial_shops,
          nicolae_shop_trees, hangedman_fish_farm
D:12:     lemuel_ogre_cave, orc_0_dummy, kennysheep_generic_room_15
D:13:     lightli_vaults_fourway_checkpoint, serial_shops, shop
Temple:   nicolae_temple_elliptical
Orc:1:    basic_altar, uniq_erolcha
Orc:2:    grunt_orc_cross, serial_shops, nicolae_shop_behind_doors,
          nicolae_shop_waterfront, nicolae_shop_crystal, shop
